 Dungeon Crawl Stone Soup version 0.29.1-1-gd02db6906a (console) character file.

Game seed: 13966031728931655450

2366 om the Skirmisher (level 9, -3/71 HPs)
             Began as a Gnoll Hunter on Sept 16, 2022.
             Killed by an exploding centaur zombie (26 damage)
             ... ignited by their inner flame
             ... in an ossuary.
             The game lasted 00:15:29 (7263 turns).

om the Skirmisher (Gnoll Hunter)                    Turns: 7263, Time: 00:15:31

Health: -3/71      AC:  4    Str: 12    XL:     9   Next: 44%
Magic:  15/15      EV: 15    Int:  8    God:
Gold:   730        SH:  0    Dex: 19    Spells: 14/16 levels left

rFire   . . .      SeeInvis .   a - +1 shortbow
rCold   . . .      Faith    .   (shield currently unavailable)
rNeg    . . .      Spirit   .   c - +1 leather armour
rPois   .          Reflect  .   (no helmet)
rElec   .          Harm     .   (no cloak)
rCorr   .          Rampage  .   (no gloves)
Will    +....                   (no boots)
Stlth   +++.......              (no amulet)
HPRegen 0.21/turn               e - ring of willpower
MPRegen 0.14/turn               u - ring of wizardry

@: marked
A: fangs 1, strong nose, distributed training
a: no special abilities


You were in an ossuary.
You visited 1 branch of the dungeon, and saw 6 of its levels.
You also visited: Sewer and Ossuary.

You collected 730 gold pieces.

Inventory:

Hand Weapons
 a - a +1 shortbow (weapon)
 b - a +1 dagger of venom
Missiles
 x - a throwing net
Armour
 c - a +1 leather armour (worn)
Jewellery
 d - a ring of protection from cold
 e - a ring of willpower (left hand)
 u - a ring of wizardry (right hand)
Scrolls
 g - 3 scrolls of teleportation
 j - a scroll of identify
 k - a scroll of enchant armour
 m - 2 scrolls of blinking
 s - 2 scrolls of fog
 v - 2 scrolls of poison
Potions
 f - 2 potions of lignification
 h - a potion of might
 n - a potion of haste {unknown}
 o - a potion of resistance {unknown}
 p - a potion of berserk rage {unknown}
 t - 2 potions of brilliance {unknown}
 w - a potion of flight {unknown}


   Skills:
 + Level 6.4 Fighting
 + Level 4.4 Short Blades
 + Level 4.4 Long Blades
 + Level 4.4 Axes
 + Level 4.4 Maces & Flails
 + Level 4.4 Polearms
 + Level 4.4 Staves
 + Level 9.6 Ranged Weapons
 + Level 4.4 Throwing
 + Level 4.4 Armour
 + Level 6.4 Dodging
 + Level 5.1 Stealth
 + Level 4.4 Shields
 + Level 4.4 Unarmed Combat
 + Level 4.4 Spellcasting
 + Level 3.6 Conjurations
 + Level 3.6 Hexes
 + Level 3.6 Summonings
 + Level 3.6 Necromancy
 + Level 3.6 Translocations
 + Level 3.6 Transmutations
 + Level 3.6 Fire Magic
 + Level 3.6 Ice Magic
 + Level 3.6 Air Magic
 + Level 3.6 Earth Magic
 + Level 3.6 Poison Magic
 + Level 4.9 Invocations
 + Level 4.4 Evocations


You had 14 spell levels left.
You knew the following spells:

 Your Spells              Type           Power      Damage    Failure   Level
a - Passwall              Tmut/Erth      5%         N/A       4%          2

Your spell library contained the following spells:

 Spells                   Type           Power      Damage    Failure   Level
 Ozocubu's Armour         Ice            7%         N/A       10%         3
 Leda's Liquefaction      Hex/Erth       3%         N/A       30%         4


Dungeon Overview and Level Annotations

Branches:
Dungeon (6/15)             Temple (0/1) D:4           Sewer (visited)
Ossuary (1/1)

Altars:
Fedhas

Annotations:
D:6 3 runed translucent doors, baller8008's ghost, novice MiBe; rogsnak's ghost, novice SpAE


Innate Abilities, Weirdness & Mutations

You have very sharp teeth.
Your uncanny sense of smell can sniff out nearby items.
Your experience applies equally to all skills.


Message History

The centaur zombie closely misses you.
The centaur zombie kicks you but does no damage.
There is a gate leading back out of this place here.
The centaur zombie attacks as you move away!
The centaur zombie hits you. The centaur zombie misses you.
The centaur zombie attacks as you move away!
The centaur zombie hits you. The centaur zombie misses you.
The centaur zombie hits you but does no damage.
The centaur zombie barely misses you.
Really read the scroll of immolation?
As you read the scroll of immolation, it crumbles to dust.
The creatures around you are filled with an inner flame!
The centaur zombie barely misses you.
The centaur zombie completely misses you.
Fire: a) +1 shortbow
Press: ? - help, Q - select action, (/) - cycle Shift-Dir - straight line, f - centaur zombie
Aim: a centaur zombie (inner flame, 91% to hit)
Okay, then.
Fire: a) +1 shortbow
Press: ? - help, Q - select action, (/) - cycle Shift-Dir - straight line, f - hobgoblin zombie
Aim: a hobgoblin zombie (inner flame, 83% to hit)
You shoot an arrow. The arrow hits the centaur zombie.
Flame seeps out of the centaur zombie.
The centaur zombie is lightly damaged.
The centaur zombie is engulfed in blazing flames.
Flame seeps out of the centaur zombie.
The centaur zombie hits you but does no damage.
The centaur zombie kicks you but does no damage.
The centaur zombie attacks as you move away!
The centaur zombie hits you. The centaur zombie kicks you.
The centaur zombie is engulfed in blazing flames.
Flame seeps out of the centaur zombie.
The centaur zombie misses you.
The centaur zombie kicks you but does no damage.
Fire: a) +1 shortbow
Press: ? - help, Q - select action, (/) - cycle Shift-Dir - straight line, f - rat zombie, p - hobgoblin zombie
Aim: a rat zombie (inner flame, 83% to hit)
You shoot an arrow. The arrow hits the centaur zombie!
The centaur zombie explodes!
The fiery explosion engulfs you!!
You die...

#...#.......####Z#...#
#..M#.......# #...#
#...#.......# #...#
#...#.....∩.# #...#
#..Z####+.... #...#
#ZM.# #...# #...#
#...# ∆ #...#
#...##############...#
#.........Z..Z§§@....#
#....M..M.∩Z..°§.....#
######################


You could see a rat zombie (inner flame), a hobgoblin zombie (inner flame) and a
human zombie (inner flame).

Vanquished Creatures
  Prince Ribbit (D:5)
  Grinder (D:5)
  A wyvern (D:4)
  Edmund (D:5)
  2 ice beasts (D:5)
  2 ogres (D:5)
  A centaur (D:5)
  A phantom (D:5)
  An elf zombie (Ossuary)
  2 bullfrogs (Sewer)
  2 necrophages
  2 scorpions
  A gnoll sergeant (D:5)
  A centaur zombie (Ossuary)
  3 orc priests
  2 hounds
  A gnoll bouda (D:6)
  4 orc wizards (D:5)
  An iguana (D:4)
  11 gnolls
  14 adders
  2 white imps (D:5)
  2 ufetubi (D:4)
  4 worms
  4 dart slugs
  10 orcs
  5 ball pythons
  7 bats
  8 endoplasms
  4 giant cockroaches
  7 hobgoblins
  9 quokkas
  12 frilled lizards
  11 goblins
  8 hobgoblin zombies (Ossuary)
  8 kobolds
  9 kobold zombies (Ossuary)
  9 orc zombies (Ossuary)
  5 rats
179 creatures vanquished.

Vanquished Creatures (others)
  8 plants (D:3)
8 creatures vanquished.

Grand Total: 187 creatures vanquished

Notes
Turn   | Place    | Note
-------+----------+-------------------------------------------
     0 | D:1      | om the Gnoll Hunter began the quest for the Orb.
     0 | D:1      | Reached XP level 1. HP: 20/20 MP: 1/1
    35 | D:1      | Reached XP level 2. HP: 21/26 MP: 2/2
   386 | D:1      | Reached XP level 3. HP: 31/31 MP: 3/3
   545 | D:1      | Reached skill level 1 in Invocations
   568 | D:1      | Noticed a shining eye
   571 | D:1      | Found a faded altar of an unknown god.
   573 | D:1      | Noticed a golden eye
   573 | D:1      | Noticed a shining eye
   573 | D:1      | Noticed a great orb of eyes
   734 | D:1      | Reached skill level 1 in Short Blades
   734 | D:1      | Reached skill level 1 in Long Blades
   734 | D:1      | Reached skill level 1 in Axes
   734 | D:1      | Reached skill level 1 in Maces & Flails
   734 | D:1      | Reached skill level 1 in Polearms
   734 | D:1      | Reached skill level 1 in Staves
   734 | D:1      | Reached skill level 1 in Throwing
   734 | D:1      | Reached skill level 1 in Armour
   734 | D:1      | Reached skill level 1 in Shields
   734 | D:1      | Reached skill level 1 in Unarmed Combat
   734 | D:1      | Reached skill level 1 in Spellcasting
   734 | D:1      | Reached skill level 1 in Evocations
   858 | D:2      | Reached XP level 4. HP: 38/38 MP: 5/5
  1186 | D:2      | Reached skill level 1 in Conjurations
  1186 | D:2      | Reached skill level 1 in Hexes
  1186 | D:2      | Reached skill level 1 in Summonings
  1186 | D:2      | Reached skill level 1 in Necromancy
  1186 | D:2      | Reached skill level 1 in Translocations
  1186 | D:2      | Reached skill level 1 in Transmutations
  1186 | D:2      | Reached skill level 1 in Fire Magic
  1186 | D:2      | Reached skill level 1 in Ice Magic
  1186 | D:2      | Reached skill level 1 in Air Magic
  1186 | D:2      | Reached skill level 1 in Earth Magic
  1186 | D:2      | Reached skill level 1 in Poison Magic
  1470 | D:3      | Found a glowing drain.
  1487 | Sewer    | Entered a sewer
  1563 | Sewer    | Reached XP level 5. HP: 43/43 MP: 7/7
  1738 | Sewer    | Reached XP level 6. HP: 42/50 MP: 8/8
  1743 | Sewer    | Reached skill level 5 in Fighting
  1743 | Sewer    | Reached skill level 5 in Dodging
  2852 | D:4      | Reached XP level 7. HP: 56/56 MP: 10/10
  2920 | D:4      | Noticed a wyvern
  2944 | D:4      | Killed a wyvern
  3358 | D:4      | Reached skill level 9 in Ranged Weapons
  3612 | D:4      | Found a staircase to the Ecumenical Temple.
  3925 | D:4      | Got Sif Muna's Omnibus of the Geological Glacier
  3929 | D:4      | Learned a level 2 spell: Passwall
  3940 | D:5      | Entered Level 5 of the Dungeon
  3990 | D:5      | Reached XP level 8. HP: 11/63 MP: 12/12
  4804 | D:5      | Noticed Grinder
  4804 | D:5      | Noticed Edmund
  5100 | D:5      | Killed Edmund
  5512 | D:5      | Found a blossoming altar of Fedhas.
  5858 | D:5      | Noticed Prince Ribbit
  5868 | D:5      | Killed Prince Ribbit
  5869 | D:5      | Reached XP level 9. HP: 69/69 MP: 14/14
  5978 | D:5      | Killed Grinder
  6491 | D:5      | Reached skill level 5 in Stealth
  6767 | D:6      | Found a runed translucent gate.
  6769 | D:6      | Found a runed translucent gate.
  6785 | D:6      | Found a runed translucent gate.
  6859 | D:6      | Noticed rogsnak's ghost (novice SpAE)
  6859 | D:6      | Noticed baller8008's ghost (novice MiBe)
  6946 | D:6      | Found a sand-covered staircase.
  6953 | Ossuary  | Entered an ossuary
  7263 | Ossuary  | Killed by an exploding centaur zombie... ignited by their
                  | inner flame

Illustrated notes

Levels and vault maps discovered:
D:1:      dpeg_arrival_connections, layout_basic,
          hellmonk_ecumenical_altar_watching_god, minmay_fountain_box
D:2:      layout_loops_ring
D:3:      layout_rooms, cheibrodos_sewer_entry_drain, kennysheep_crisscross,
          minmay_misc_feat_alley, serial_bayou_lagoon_a,
          chequers_serial_rivers_large_b, reono_crystal_passage
D:4:      layout_basic, minmay_temple_entry_proselytizer, minmay_distorted
D:5:      minmay_polygon_palace, layout_basic, mainiacjoe_overflow_tiny_flanked,
          grunt_ministairs_12, nrook_uturn, hangedman_decor_peaks_small,
          uniq_prince_ribbit1, uniq_grinder, uniq_edmund
D:6:      layout_loops_ring, gup_ossuary_entry_pyramid, gammafunk_ghost_cemetery
Ossuary:  ossuary_tomb_1

Skill      XL: |  1  2  3  4  5  6  7  8  9 |
---------------+----------------------------+-----
Invocations    | 1 2 3 4 |  4.9
Short Blades   | 1 2 3 4 |  4.4
Long Blades    | 1 2 3 4 |  4.4
Axes           | 1 2 3 4 |  4.4
Maces & Flails | 1 2 3 4 |  4.4
Polearms       | 1 2 3 4 |  4.4
Staves         | 1 2 3 4 |  4.4
Throwing       | 1 2 3 4 |  4.4
Armour         | 1 2 3 4 |  4.4
Shields        | 1 2 3 4 |  4.4
Unarmed Combat | 1 2 3 4 |  4.4
Spellcasting   | 1 2 3 4 |  4.4
Evocations     | 1 2 3 4 |  4.4
Conjurations   | 1 2 3 |  3.6
Hexes          | 1 2 3 |  3.6
Summonings     | 1 2 3 |  3.6
Necromancy     | 1 2 3 |  3.6
Translocations | 1 2 3 |  3.6
Transmutations | 1 2 3 |  3.6
Fire Magic     | 1 2 3 |  3.6
Ice Magic      | 1 2 3 |  3.6
Air Magic      | 1 2 3 |  3.6
Earth Magic    | 1 2 3 |  3.6
Poison Magic   | 1 2 3 |  3.6
Stealth        | 3 4 5 |  5.1
Fighting       | 5 6 |  6.4
Dodging        | 5 6 |  6.4
Ranged Weapons | 9 |  9.6

Action                   |  1- 3 |  4- 6 |  7- 9 || total
-------------------------+-------+-------+-------++-------
Melee: Dagger            |       |       |    59 ||    59
       Bite              |       |       |    10 ||    10
       Punch             |       |       |     3 ||     3
       Shortbow          |       |       |     1 ||     1
 Fire: Shortbow          |    92 |   151 |   342 ||   585
  Use: Scroll            |       |     8 |     9 ||    17
       Potion            |       |       |     3 ||     3
Armor: Leather armour    |     3 |     9 |    32 ||    44
       Skin              |       |       |    35 ||    35
Dodge: Dodged            |     9 |    34 |   140 ||   183
